AoeStats
← TuCAAA :D

Arabia

510101178Analyzed
1v1 RM · 4d ago on Sep 29, 2026· 42m 27s· 2 players
Game mode
Random Map
Map size
Tiny (2 player)
Population
200
Speed
Normal
Resources
Standard
Victory
Conquest
Starting age
Dark Age
Ending age
Imperial Age
RankedLock teamsTeams togetherTeam positionsShared explorationLock speedFull tech treeHidden civsTurbo modeCheats
Victory
Defeat
🇦🇷 Ethiopians · Argentina
1124
+16
🇦🇷 Huns · Argentina
1116
-16
SHAKA
9:14 Feudal Age
7:47 Loom
13:31 Horse Collar
13:56 Double-Bit Axe
19:46 Bloodlines
20:53 Padded Archer Armor
20:43 Fletching
25:21 Wheelbarrow
25:35 Town Watch
26:05 Fletching
27:50 Gold Mining
28:15 Scale Barding Armor
32:28 Castle Age
31:04 Forging
32:34 Elite Skirmisher
33:46 Leather Archer Armor
36:03 Light Cavalry
37:34 Husbandry
36:56 Light Cavalry
38:20 Chain Barding Armor
41:58 Iron Casting
TuCAAA :D
6:48 Loom
9:25 Feudal Age
10:32 Double-Bit Axe
13:44 Horse Collar
14:45 Fletching
25:16 Castle Age
24:46 Scale Mail Armor
24:57 Forging
24:47 Padded Archer Armor
25:51 Wheelbarrow
25:25 Crossbowman
28:41 Squires
29:21 Bodkin Arrow
33:42 Leather Archer Armor
36:43 Chain Mail Armor
37:03 Iron Casting
39:44 Ballistics
39:43 Bow Saw
39:47 Heavy Plow
44:18 Imperial Age
Connection lost

Rejoining the realm…

Still unreachable

The connection could not be restored.

Session expired

The server has moved on; the page needs a fresh start.